 Dungeon Crawl Stone Soup version 0.28.0 (webtiles) character file.

Game seed: 1928989285749300830

46 hgbash the Digger (level 3, -3/20 HPs)
             Began as a Gargoyle Earth Elementalist on Feb 4, 2022.
             Slain by an iguana (11 damage)
             ... on level 2 of the Dungeon.
             The game lasted 00:06:16 (1306 turns).

hgbash the Digger (Gargoyle Earth Elementalist)     Turns: 1306, Time: 00:06:17

Health: -3/20      AC:  5    Str: 11    XL:     3   Next: 66%
Magic:  6/6        EV: 12    Int: 17    God:
Gold:   60         SH:  0    Dex: 10    Spells: 5/6 levels left

rFire   . . .      SeeInvis .   j - +0 short sword
rCold   . . .      Faith    .   (no shield)
rNeg    + . .      Spirit   .   b - +0 robe
rPois   ∞          Reflect  .   (no helmet)
rElec   +          Harm     .   (no cloak)
rCorr   .          Rampage  .   (no gloves)
Will    .....                   (no boots)
Stlth   ++........              f - amulet of regeneration
HPRegen 0.86/turn               (no ring)
MPRegen 0.10/turn               (no ring)

@: no status effects
A: sickness immunity, AC +3, negative energy resistance 1, electricity
resistance, torment resistance 1, petrification resistance
a: no special abilities


You were on level 2 of the Dungeon.
You visited 1 branch of the dungeon, and saw 2 of its levels.

You collected 60 gold pieces.

Inventory:

Hand Weapons
 h - a +0 club of venom
 j - a +0 short sword (weapon)
Missiles
 c - 103 stones
 l - 23 arrows
Armour
 b - a +0 robe (worn)
Jewellery
 f - an amulet of regeneration (around neck)
Wands
 m - a wand of iceblast (11)
Scrolls
 d - a scroll of immolation
 e - a scroll of enchant weapon {unknown}
Potions
 a - a potion of degeneration {unknown}
 g - a potion of magic
 i - a potion of ambrosia {unknown}
 k - a potion of mutation {unknown}


   Skills:
 + Level 1.0 Fighting
 + Level 0.2 Maces & Flails
 + Level 1.7 Dodging
 * Level 2.8 Stealth
 * Level 2.4 Spellcasting
 * Level 1.3 Transmutations
 * Level 3.9 Earth Magic


You had 5 spell levels left.
You knew the following spells:

 Your Spells              Type           Power      Damage    Failure   Level
a - Sandblast             Erth           30%        2d9       3%          1

Your spell library contained the following spells:

 Spells                   Type           Power      Damage    Failure   Level
 Passwall                 Tmut/Erth      9%         N/A       10%         2
 Beastly Appendage        Tmut           12%        N/A       11%         1
 Stone Arrow              Conj/Erth      16%        3d8       26%         3
 Petrify                  Tmut/Erth      11%        N/A       54%         4


Dungeon Overview and Level Annotations

Branches:
Dungeon (2/15)

Altars:

Shops:
D:1 !


Innate Abilities, Weirdness & Mutations

You are immune to sickness and miasma.
Your stone body is resilient. (AC +3)
You are immune to poison.
You resist negative energy. (rN+)
You are resistant to electric shocks. (rElec)
You are resistant to unholy torment.
You are immune to petrification.


Message History

You barely miss the quokka.
The quokka is almost dead.
The quokka bites you.
You hit the quokka.
You kill the quokka!
You see here a quokka corpse.
You now have 60 gold pieces (gained 10).
The iguana hisses angrily.
The iguana bites you but does no damage.
You hit the iguana.
The iguana is lightly wounded.
The iguana bites you.
You hit the iguana but do no damage.
The iguana is lightly wounded.
The iguana bites you.
You closely miss the iguana.
The iguana is lightly wounded.
The iguana closely misses you.
You closely miss the iguana.
The iguana is lightly wounded.
The iguana bites you!
Ouch! That really hurt!
You hit the iguana but do no damage.
The iguana is lightly wounded.
The iguana barely misses you.
You hit the iguana but do no damage.
The iguana is lightly wounded.
The iguana misses you.
You closely miss the iguana.
The iguana is lightly wounded.
The iguana barely misses you. The iguana bites you!
* * * LOW HITPOINT WARNING * * *
You barely miss the iguana.
The iguana is lightly wounded.
The iguana closely misses you.
You hit the iguana.
The iguana is moderately wounded.
The iguana bites you!
Ouch! That really hurt!
You die...

......)...♣.♣.....>#
##..#.##.....#.#####
#<...........#.#
#.#.#†#......#.#
#.#..........#.#
#.#..##.######.################
#.#..............†............#
#.###.#.######.......########.#
#†....#........l@....### #.#
#...#.#######..........# #.#
.......# #.....####.# #.#
#.#.##.# #...♣♣♣♣ #.#### #.#
.♣.♣#♣.♣# #..♣.P.♣ #.♣♣P♣♣♣.#
........# #.♣♣♣.P♣♣♣....PP♣♣#
.♣.♣.♣.♣# #.♣*♣...P♣.♣.P.P.♣
........## #.♣,♣.P♣...♣♣♣..P♣#
.♣.♣.♣.♣.# #.♣♣♣P♣P♣♣## ♣P..P#


You could see an iguana.

Vanquished Creatures
  An adder (D:2)
  5 endoplasms
  3 giant cockroaches
  4 goblins
  3 hobgoblins
  4 quokkas
  5 ball pythons
  A frilled lizard (D:1)
  3 kobolds
  3 rats (D:1)
32 creatures vanquished.

Vanquished Creatures (others)
  A plant (D:2)
1 creature vanquished.

Grand Total: 33 creatures vanquished

Notes
Turn   | Place    | Note
-------+----------+-------------------------------------------
     0 | D:1      | hgbash the Gargoyle Earth Elementalist began the quest for
                  | the Orb.
     0 | D:1      | Reached XP level 1. HP: 10/10 MP: 3/3
    12 | D:1      | Found Rimif's Distillery.
   301 | D:1      | Reached skill level 1 in Transmutations
   301 | D:1      | Reached XP level 2. HP: 6/15 MP: 5/5
   962 | D:2      | Reached XP level 3. HP: 15/20 MP: 6/6
   985 | D:2      | Found a faded altar of an unknown god.
   994 | D:2      | Got Plato's Disquisition on Shape Shifting
  1161 | D:2      | Reached skill level 1 in Fighting
  1306 | D:2      | Slain by an iguana

Illustrated notes

Levels and vault maps discovered:
D:1:      heliophobic_arrival_glass_houses, layout_basic, serial_shops, shop
D:2:      layout_basic, shapermc_ecumenical_altar_rom_forum, serial_forest,
          infiniplex_forest_corner_2, infiniplex_forest_lined_3,
          infiniplex_forest_clump_curved, infiniplex_forest_lined_room_2,
          infiniplex_forest_lined_corner, infiniplex_forest_end_2, basic_altar

Skill      XL: |  1  2  3 |
---------------+----------+-----
Transmutations | 1 |  1.3
Fighting       | 1 |  1.0
Maces & Flails | |  0.2
Dodging        | |  1.7
Stealth        | |  2.8
Spellcasting   | |  2.4
Earth Magic    | |  3.9

Action                   || total
-------------------------++-------
Melee: Unarmed           ||    18
       Club              ||    62
       Punch             ||     1
       Short sword       ||    33
 Cast: Sandblast         ||    17
  Use: Scroll            ||     5
 Stab: Sleeping          ||     9
Armor: Robe              ||    26
Dodge: Dodged            ||    83
